 Dungeon Crawl Stone Soup version 0.15.2 (webtiles) character file.

55 NTAmi the Chiller (level 3, -2/25 (26) HPs)
             Began as a Ghoul Ice Elementalist on Mar 4, 2015.
             Killed from afar by Ijyb (9 damage)
             ... with a wand of flame
             ... on Level 2 of the Dungeon.
             The game lasted 00:17:46 (1202 turns).

NTAmi the Chiller (Ghoul Ice Elementalist)          Turns: 1202, Time: 00:17:47

HP  -2/25 (26)   AC  2     Str 11      XL: 3   Next: 93%
MP   4/6         EV 12     Int 16      God:
Gold 53          SH  0     Dex  9      Spells:  3 memorised,  1 level left

rFire  . . .     SeeInvis .     w - +1 dagger (distort)
rCold  + . .     Clarity  .     a - +0 robe
rNeg   + + +     rCorr    .     (no shield)
rPois  +         rRot     +     (no helmet)
rElec  .         Spirit   .     (no cloak)
SustAb .         Warding  +     (no gloves)
rMut   .         Stasis   .     (no boots)
Saprov + + +                    l - amulet of warding
MR     .....                    (no ring)
                                (no ring)

@: brilliant, rotting, not resistant to hostile enchantments, unstealthy
A: rotting body, claws 1, carnivore 3, cold resistance 1, negative energy
resistance 3, poison resistance, saprovore 3, slow healing 1, torment
resistance, unbreathing
a: no special abilities


You were on level 2 of the Dungeon.
You were not hungry.

You visited 1 branch of the dungeon, and saw 3 of its levels.

You collected 53 gold pieces.

Inventory:

Hand weapons
 c - a +0 club
 e - a +0 dagger
 f - a +0 club
 i - a +0 club
 k - a +0 dagger
 m - a +0 short sword
 q - a +0 club
 r - a +0 mace
 w - a +1 dagger of distortion (weapon)
Missiles
 n - 54 stones (quivered)
 p - 11 sling bullets
 y - 36 arrows
Armour
 a - a +0 robe (worn)
Comestibles
 g - 3 meat rations
Scrolls
 h - a scroll of fear {unknown}
 j - a scroll of remove curse {unknown}
 o - a scroll of recharging
 s - a scroll of identify
 t - a scroll of random uselessness {unknown}
 v - a scroll of teleportation {unknown}
Jewellery
 l - an amulet of warding (around neck)
Potions
 d - a potion of curing
 x - a potion of invisibility {unknown}
Books
 b - a book of Frost

   Spells                             Type                      Level
   *Freeze                            Ice                          1
   *Throw Frost                       Conjuration/Ice              2
   *Ozocubu's Armour                  Charms/Ice                   3
   Throw Icicle                       Conjuration/Ice              4
   Summon Ice Beast                   Ice/Summoning                4
   Condensation Shield                Ice                          4


   Skills:
 + Level 2.5 Dodging
 - Level 2.1 Stealth
 + Level 0.4 Unarmed Combat
 * Level 2.9 Spellcasting
 + Level 0.7 Conjurations
 - Level 3.2 Ice Magic


You had one spell level left.
You knew the following spells:

 Your Spells              Type           Power        Failure   Level  Hunger
a - Freeze                Ice            ###.         1%          1    #......
b - Throw Frost           Conj/Ice       ###...       1%          2    ##.....
c - Ozocubu's Armour      Chrm/Ice       ###.....     4%          3    ###....


Dungeon Overview and Level Annotations

Branches:
Dungeon (3/15)

Altars:
Cheibriados

Annotations:
D:2 Ijyb


Innate Abilities, Weirdness & Mutations

Your body is rotting away.
You have sharp fingernails.
You are carnivorous and can eat meat at any time.
Your flesh is cold resistant.
You are immune to negative energy.
Your system is resistant to poisons.
You thrive on rotten meat.
You heal slowly when monsters are visible.
You are immune to unholy pain and torment.
You can survive without breathing.


Message History

You feel better.
Wield which item (- for none, * to show all)? (? for menu, Esc to quit)
Okay, then.
Drink which item? (? for menu, Esc to quit)
You feel clever all of a sudden.
It was a potion of brilliance.
Casting: Freeze
Confirm with . or Enter, or press ? or * to list all spells.
Aiming: Throw Frost
Press: ? - help, Shift-Dir - straight line, f - Ijyb
Aim: Ijyb carrying a wand of flame {zapped: 5} The puff of frost hits Ijyb.
Ijyb is lightly wounded.
Ijyb zaps a wand.
The puff of flame hits you!
Ijyb zaps a wand.
The puff of flame hits you!
* * * LOW HITPOINT WARNING * * *
You closely miss Ijyb.
Ijyb is lightly wounded.
Ijyb zaps a wand.
The puff of flame hits you!
You die...

.(# #......# #
#...###......##### ..
.S.$.#........... ...?.
...#..%...##### #......
#.#<.....# #......
#######........#
###......
.........#######
###......g.
.####.......#
##...#.l....
#......@#####..####.....
#.......g.....## #..!..
#.......##..### #.#
#...........#######r##
###......##..........##
#....##########..#l.##
#...## #.###..# #...#
#.. ##.# #...# ### #..#
#..


You could see Ijyb.

Vanquished Creatures
  An adder (D:3)
  A worm (D:1)
  A giant gecko (D:1)
  An ooze (D:1)
  A ball python (D:1)
  A giant cockroach (D:1)
  4 hobgoblins
  7 jackals (D:1)
  A quokka (D:1)
  7 bats
  A goblin (D:2)
  2 kobolds (D:1)
  6 rats
34 creatures vanquished.

Vanquished Creatures (others)
  A worm (D:2)
1 creature vanquished.

Grand Total: 35 creatures vanquished

Notes
Turn   | Place    | Note
--------------------------------------------------------------
     0 | D:1      | NTAmi, the Ghoul Ice Elementalist, began the quest for the Orb.
     0 | D:1      | Reached XP level 1. HP: 14/14 MP: 2/2
    90 | D:1      | Reached XP level 2. HP: 20/20 MP: 1/4
   356 | D:1      | Reached XP level 3. HP: 23/26 MP: 0/6
   373 | D:1      | Learned a level 2 spell: Throw Frost
   377 | D:1      | Learned a level 3 spell: Ozocubu's Armour
   997 | D:2      | Noticed Ijyb
  1165 | D:2      | Found a snail-covered altar of Cheibriados.
  1202 | D:2      | Killed from afar by Ijyb

Action                   || total
-------------------------++-------
Melee: Unarmed           ||    51
       Short sword       ||     5
       Dagger            ||     2
Throw: Stone             ||     1
 Cast: Freeze            ||    52
       Throw Frost       ||     6
  Use: Potion            ||     3
       Scroll            ||     2
 Stab: Sleeping          ||     1
  Eat: Chunk             ||    21
